 Dungeon Crawl Stone Soup version 0.30-a0-956-gcec3b41aec (webtiles) character file.

Game seed: 5644495967142094928

182 voltaire321 the Sneak (level 5, 0/30 HPs)
             Began as a Kobold Enchanter on Mar 29, 2023.
             Slain by an elf zombie (5 damage)
             ... in an ossuary.
             The game lasted 00:05:57 (1550 turns).

voltaire321 the Sneak (Kobold Enchanter)            Turns: 1550, Time: 00:05:57

Health: 0/30       AC:  4    Str:  7    XL:     5   Next: 93%
Magic:  9/9        EV: 16    Int: 22    God:
Gold:   163        SH:  0    Dex: 21    Spells: 7/9 levels left

rFire   . . .      SeeInvis .    t - +10 hammer "Jeisch" {flame, Int+5}
rCold   . . .      Faith    .    (no shield)
rNeg    + . .      Spirit   .    b - +0 robe
rPois   .          Reflect  .    (no helmet)
rElec   .          Rampage  .    u - +0 cloak
rCorr   .                        (no gloves)
Will    .....                    l - +0 pair of boots
Stlth   ++++                     (no amulet)
HPRegen 0.25/turn                v - ring of positive energy
MPRegen 0.11/turn                n - +6 ring of dexterity

@: no status effects
A: small, no large weapons, nightstalker 3
a: no special abilities


You were in an ossuary.
You visited 1 branch of the dungeon, and saw 4 of its levels.
You also visited: Ossuary.

You collected 163 gold pieces.

Inventory:

Hand Weapons
 a - a +1 dagger
 m - a +3 dagger
 t - the +10 hammer "Jeisch" (weapon) {flame, Int+5}
   (You found it on level 2 of the Dungeon)

   Int:       It affects your intelligence (+5).
Missiles
 f - 7 poisoned darts (quivered)
Armour
 b - a +0 robe (worn)
 l - a +0 pair of boots (worn)
 u - a +0 cloak (worn)
Jewellery
 i - a ring of protection from cold
 j - a ring of fire
 n - a +6 ring of dexterity (right hand)
 p - an amulet of guardian spirit
 v - a ring of positive energy (left hand)
Scrolls
 e - a scroll of vulnerability {unknown}
 g - 3 scrolls of identify {unknown}
 k - a scroll of fog {unknown}
 s - 2 scrolls of magic mapping {unknown}
 x - a scroll of teleportation {unknown}
Potions
 c - 3 potions of invisibility
 d - a potion of might {unknown}
 h - 3 potions of attraction {unknown}
 o - a potion of berserk rage {unknown}
 q - 2 potions of brilliance {unknown}
 r - a potion of cancellation {unknown}
 w - a potion of ambrosia {unknown}


   Skills:
 + Level 1.8 Fighting
 + Level 2.7 Short Blades
 + Level 3.5 Dodging
 * Level 5.6 Stealth
 + Level 2.8 Spellcasting
 + Level 3.5 Hexes
 + Level 0.6 Ice Magic


You had 7 spell levels left.
You knew the following spells:

 Your Spells              Type           Power      Damage    Failure   Level
a - Ensorcelled Hibernat  Hex/Ice        24%        N/A       9%          2

Your spell library contained the following spells:

 Spells                   Type           Power      Damage    Failure   Level
 Confusing Touch          Hex            18%        N/A       9%          3
 Tukima's Dance           Hex            18%        N/A       9%          3
 Dazzling Flash           Conj/Hex       20%        N/A       19%         3


Dungeon Overview and Level Annotations

Branches:
Dungeon (4/15)            Ossuary (1/1)
 Temple: D:4-7

Altars:

Shops:
D:4 [


Innate Abilities, Weirdness & Mutations

You are small and have problems with some larger weapons.
You are completely attuned to the shadows.


Message History

The elf zombie is lightly damaged.
The elf zombie closely misses you. The human zombie hits you.
You hit the elf zombie but do no damage.
The elf zombie is lightly damaged.
The elf zombie hits you. The human zombie completely misses you.
You hit the elf zombie. You burn the elf zombie.
The elf zombie is lightly damaged.
The elf zombie hits you but does no damage.
The human zombie hits you.
You thump the human zombie! You burn the human zombie.
The human zombie is severely damaged.
The elf zombie hits you. The human zombie hits you. The elf zombie hits you.
* * * LOW HITPOINT WARNING * * *
You hit the human zombie. You burn the human zombie.
The human zombie is almost destroyed.
The human zombie closely misses you. The elf zombie barely misses you.
You sock the human zombie! You burn the human zombie.
You destroy the human zombie!
The elf zombie misses you.
You hit the elf zombie. You burn the elf zombie.
The elf zombie is moderately damaged.
The elf zombie barely misses you.
You thump the elf zombie! You burn the elf zombie!
The elf zombie is heavily damaged.
The elf zombie hits you.
* * * LOW HITPOINT WARNING * * *
You thump the elf zombie! You burn the elf zombie.
The elf zombie is severely damaged.
The elf zombie hits you.
* * * LOW HITPOINT WARNING * * *
You hit the elf zombie. You burn the elf zombie.
The elf zombie is almost destroyed.
The elf zombie barely misses you.
You closely miss the elf zombie.
The elf zombie is almost destroyed.
The elf zombie misses you.
You hit the elf zombie. You burn the elf zombie.
The elf zombie is almost destroyed.
The elf zombie closely misses you. The elf zombie hits you.
You die...

#....#'#......
#...##.##....#
#...#...#....#
#...###.#....#
#..## #.##
#..# #..#
#∩.#+##..#
#..#.....#
#..#.@####
#∩.#.Z#
#..#..# ##.#
#.#


You could see an elf zombie.

Vanquished Creatures
  A howler monkey (D:4)
  Crazy Yiuf (D:2)
  A human zombie (Ossuary)
  4 adders
  2 adder zombies (Ossuary)
  A worm (D:2)
  A dart slug (D:2)
  3 endoplasms
  2 giant cockroaches
  4 goblins (D:2)
  3 hobgoblins
  2 jackals (D:1)
  A ball python (D:1)
  2 bats
  A frilled lizard (D:1)
  A goblin zombie (Ossuary)
  3 hobgoblin zombies (Ossuary)
  A jackal zombie (Ossuary)
  4 kobolds
  A kobold zombie (Ossuary)
  A quokka zombie (Ossuary)
  2 rats
42 creatures vanquished.

Notes
Turn   | Place    | Note
-------+----------+-------------------------------------------
     0 | D:1      | voltaire321 the Kobold Enchanter began the quest for the
                  | Orb.
     0 | D:1      | Reached XP level 1. HP: 10/10 MP: 3/3
   423 | D:1      | Reached XP level 2. HP: 16/16 MP: 5/5
   771 | D:2      | Reached XP level 3. HP: 20/20 MP: 6/6
   880 | D:2      | Reached skill level 1 in Fighting
  1040 | D:2      | Found a runed translucent door.
  1042 | D:2      | Identified the +10 hammer "Jeisch" {flame, Int+5}
  1044 | D:2      | Noticed Crazy Yiuf
  1049 | D:2      | Killed Crazy Yiuf
  1050 | D:2      | Reached skill level 5 in Stealth
  1050 | D:2      | Reached XP level 4. HP: 25/25 MP: 7/7
  1253 | D:3      | You fall into a shaft and drop 1 floor!
  1274 | D:4      | Learned a level 2 spell: Ensorcelled Hibernation
  1281 | D:4      | Found Muarghocy's Armour Shop.
  1412 | D:4      | Reached XP level 5. HP: 27/29 MP: 5/8
  1488 | D:4      | Found a sand-covered staircase.
  1494 | Ossuary  | Entered an ossuary
  1550 | Ossuary  | Slain by an elf zombie

Illustrated notes

Levels and vault maps discovered:
D:1:      dpeg_arrival_pits, layout_loops_ring, serial_glass, glass_columns_a,
          glass_columns_a
D:2:      layout_rooms, uniq_crazy_yiuf_cottage
D:3:      layout_rooms, skrybe_limestone_x, uniq_grinder, uniq_robin,
          uniq_terence
D:4:      layout_loops_corners, enter_ossuary_1, nicolae_stop_n_shop_2,
          minmay_misc_feat_encased
Ossuary:  minmay_ossuary_two_tombs

Skill      XL: |  1  2  3 |
---------------+----------+-----
Fighting       | 1 |  1.8
Short Blades   | 2 |  2.7
Dodging        | 3 |  3.5
Stealth        | 5 |  5.6
Spellcasting   | |  2.8
Hexes          | |  3.5
Ice Magic      | |  0.6

Action                     |  1- 3 |  4- 6 || total
---------------------------+-------+-------++-------
  Melee: Dagger            |    28 |    16 ||    44
         Mace              |       |    29 ||    29
  Throw: Dart              |     1 |       ||     1
   Cast: Ensorcelled Hiber |       |     3 ||     3
   Stab: Sleeping          |    15 |    12 ||    27
 Armour: Robe              |     3 |     7 ||    10
  Dodge: Dodged            |     6 |    30 ||    36

Table legend: (Time is in decaauts)
 A = Elapsed time spent in this place.
 B = Non-inter-level travel time spent in this place.
 C = Inter-level travel time spent in this place.
 D = Time resting spent in this place.
 E = Time spent auto-exploring this place.
 F = Levels seen in this place.
 G = Mean time per level.
                   A        B        C        D        E       F      G
               +--------+--------+--------+--------+--------+-----+--------+
         Total |   1553 |   1481 |     72 |      0 |    958 |   5 |  310.6 |
       Dungeon |   1487 |   1415 |     72 |      0 |    958 |   4 |  371.8 |
       Ossuary |     65 |     65 |      0 |      0 |      0 |   1 |   65.0 |
               +--------+--------+--------+--------+--------+-----+--------+

Top non-repeatable levels by time:
     D:1: 658 daAuts
     D:2: 584 daAuts
     D:4: 239 daAuts
 Ossuary: 65 daAuts
     D:3: 4 daAuts
